 Dungeon Crawl Stone Soup version 0.31.0-9-g3a7656b989 (webtiles) character file.

Game seed: 6621820231456034639

4 qw the Shooter (level 1, 0/10 HPs)
             Began as a Spriggan Hunter on Feb 2, 2024.
             Slain by a kobold
             ... wielding a +0 dagger
              (2 damage)
             ... on level 1 of the Dungeon.
             The game lasted 00:00:00 (35 turns).

qw the Shooter (Spriggan Hunter)                      Turns: 35, Time: 00:00:00

Health: 0/10       AC:  2    Str:  7    XL:     1   Next: 50%
Magic:  2/2        EV: 18    Int: 10    God:
Gold:   0          SH:  0    Dex: 18    Spells: 0/0 levels left

rFire   . . .        a - +0 shortbow
rCold   . . .        (shield currently unavailable)
rNeg    . . .        c - +0 robe
rPois   .            (helmet restricted)
rElec   .            (no cloak)
rCorr   .            (gloves unavailable)
SInv    +            (boots unavailable)
Will    .....        (no amulet)
Stlth   +            (no ring)
HPRegen 0.21/turn    (no ring)
MPRegen 0.08/turn

%: no passive effects
@: slow
A: very small, no large weapons, unfitting armour, see invisible, speed 3
a: no special abilities


You were on level 1 of the Dungeon.
You visited 1 branch of the dungeon, and saw 1 of its levels.


Innate Abilities, Weirdness & Mutations

You are very small and have problems with some larger weapons.
You are too small for most types of armour.
You have supernaturally acute eyesight. (SInv)
You cover ground extremely quickly. (Speed+++)


   Skills:
 - Level 1.5 Fighting
 - Level 4.0 Ranged Weapons
 + Level 3.2 Dodging
 - Level 1.5 Stealth


You couldn't memorise any spells.
You didn't know any spells.
Your spell library was empty.

Inventory:

Hand Weapons
 a - a +0 shortbow (weapon)
Armour
 c - a +0 robe (worn)
Scrolls
 b - a scroll of butterflies

Dungeon Overview and Level Annotations

Branches:
Dungeon (1/15)

Altars:


Message History

The jackal misses you. The jackal barely misses you.
You shoot an arrow. The arrow hits the jackal.
The jackal is almost dead.
The jackal bites you. x2; The jackal completely misses you.
You shoot an arrow. The arrow barely misses the jackal.
The jackal misses you. The jackal completely misses you.
The jackal closely misses you.
The jackal bites you but does no damage.
You shoot an arrow. The arrow closely misses the jackal.
The jackal bites you. The jackal barely misses you. The jackal misses you.
You shoot an arrow.
The arrow hits the jackal but does no damage.
The jackal is almost dead.
The jackal barely misses you. The jackal closely misses you.
The jackal misses you.
You shoot an arrow. The arrow barely misses the jackal.
The jackal bites you but does no damage.
The jackal bites you. The jackal misses you. The jackal bites you.
You shoot an arrow. The arrow hits the jackal.
You kill the jackal!
The jackal bites you. The jackal completely misses you.
The jackal closely misses you.
Your Dodging skill increases to level 3!
You shoot an arrow. The arrow hits the jackal.
You kill the jackal!
The jackal closely misses you.
You shoot an arrow. The arrow barely misses the kobold.
The jackal barely misses you. The kobold misses you.
The jackal closely misses you.
You shoot an arrow. The arrow closely misses the kobold.
The jackal bites you but does no damage.
The kobold misses you. The jackal barely misses you.
You shoot an arrow. The arrow closely misses the kobold.
The kobold misses you. The jackal closely misses you.
The kobold barely misses you.
You shoot an arrow. The arrow closely misses the kobold.
The jackal barely misses you. x2; The kobold misses you.
You shoot an arrow. The arrow misses the kobold.
The jackal misses you. The kobold hits you with a +0 dagger.
You die...

# .. #. ### .#
##.##.. .# .......
#.# ....... ..##
.......########...##
.............Kh....#
.P#~#P).....#@#P....
##~##P...P##~## ...
.~~~~~..<..~~~~~ .
P##~##P...P##~## #
#P.....P#~#
............
.........###...
########.. .... ##.
.


You could see a jackal and a kobold.

Vanquished Creatures
  3 jackals (D:1)
3 creatures vanquished.

Notes
Turn   | Place    | Note
-------+----------+-------------------------------------------
     0 | D:1      | qw the Spriggan Hunter began the quest for the Orb.
     0 | D:1      | Reached XP level 1. HP: 10/10 MP: 2/2
     0 | D:1      | 0 ||| qw: Version: 0.3-a-155-g5e7d8dd
     0 | D:1      | 0 ||| qw: Game counter: 694
     0 | D:1      | 0 ||| qw: Melee chars always use a shield: true
     0 | D:1      | 0 ||| qw: God list: Okawaru
     0 | D:1      | 0 ||| qw: Allow faded altars: false
     0 | D:1      | 0 ||| qw: Do Orc after clearing Dungeon:15 true
     0 | D:1      | 0 ||| qw: Do second Lair branch before Depths: true
     0 | D:1      | 0 ||| qw: Lair rune preference: random
     0 | D:1      | 0 ||| qw: Goals: Normal
     0 | D:1      | 0 ||| PLANNING D:1-11
     9 | D:1      | 9 ||| RETREEEEATING.
    10 | D:1      | 10 ||| RETREEEEATING.
    11 | D:1      | 11 ||| RETREEEEATING.
    12 | D:1      | 12 ||| RETREEEEATING.
    13 | D:1      | 13 ||| RETREEEEATING.
    14 | D:1      | 14 ||| RETREEEEATING.
    15 | D:1      | 15 ||| RETREEEEATING.
    28 | D:1      | HP: 2/10 [jackal (1)]
    30 | D:1      | Reached skill level 3 in Dodging
    35 | D:1      | Slain by a kobold

Levels and vault maps discovered:
D:1:      eino_arrival_water_cross, layout_basic, serial_shops, shop

Skill      XL: |  1 |
---------------+----+-----
Dodging        | 3 |  3.2
Fighting       | |  1.5
Ranged Weapons | |  4.0
Stealth        | |  1.5

Action                     || total
---------------------------++-------
   Fire: Shortbow          ||    23
 Armour: Robe              ||    15
  Dodge: Dodged            ||    40

Table legend:
 A = Non-vault XP
 B = Vault XP
 C = Vault XP percentage of total XP
 D = Non-vault monster count
 E = Vault monster count
 F = Vault count percentage of total count
                 A         B        C        D         E       F
            +---------+---------+-------+---------+---------+-------
      Total |       6 |       0 |   0.0 |       3 |       0 |   0.0
            +---------+---------+-------+---------+---------+-------
        D:1 |       6 |       0 |   0.0 |       3 |       0 |   0.0
            +---------+---------+-------+---------+---------+-------
